Map: Heavy Artillery LE

Players

Massa - Winner!

  • Race: Terran Terran
  • League: Platinum
  • Spawn Location: 7:00

qqq - Winner!

  • Race: Protoss Protoss
  • League: Platinum
  • Spawn Location: 7:00

Mücke

  • Race: Terran Terran
  • League: Diamond
  • Spawn Location: 1:00

Znation

  • Race: Zerg Zerg
  • League: Diamond
  • Spawn Location: 3:00

VOD

Have the link to the VOD?

Description

Time

  • Played on: Dec. 23, 2020, 1:49 p.m.
  • Length: 26:17
Show
View Real Time Build Order
Export as new Build Order

Massa Terran - Winner!

Build Orders: Gas First Reaper Expand 

Get SALT Encoding   

  12  0:00  SCV  
  13  0:12  SCV  
  14  0:21  Supply Depot  
  14  0:25  SCV  
  15  0:33  Refinery  
  15  0:42  SCV  
  16  0:44  Barracks  
  16  0:54  SCV  
  17  1:07  SCV  
  18  1:19  SCV  
  19  1:31  Reaper  
  20  1:35  Command Center  
  20  2:01  Command Center  
  20  2:06  Marine  
  21  2:16  Orbital Command  
  21  2:26  Supply Depot  
  21  2:43  Barracks Tech Lab  
  21  2:56  Orbital Command  
  21  2:57  SCV  
  22  3:09  SCV  
  23  3:26  SCV  
  23  3:27  SCV x2  
  26  3:39  SCV x3  
  29  3:51  SCV x3  
  32  3:58  Factory  
  32  4:02  Refinery  
  32  4:03  SCV  
  32  4:04  Refinery  
  32  4:05  Refinery  
  32  4:07  Stimpack  
  33  4:13  Barracks  
  33  4:14  Barracks  
  33  4:19  Barracks  
  33  4:21  Barracks  
  33  4:26  SCV x3  
  36  4:37  Marauder  
  38  4:38  SCV x3  
  38  4:43  Starport, Factory Tech Lab  
  41  4:45  Factory  
  41  4:55  Engineering Bay  
  41  4:58  Engineering Bay  
  41  5:00  SCV x2, Armory  
  41  5:01  SCV  
  44  5:07  Supply Depot  
  44  5:08  Supply Depot  
  44  5:09  Barracks Tech Lab, Supply Depot  
  44  5:11  Barracks Tech Lab  
  44  5:12  SCV  
  44  5:13  SCV  
  46  5:15  Barracks Reactor  
  46  5:17  Marine  
  47  5:21  Medivac  
  49  5:33  Marine  
  49  5:34  Marauder x2  
  49  5:35  Marine  
  55  5:54  Factory Tech Lab  
  55  5:56  Starport Reactor  
  55  6:04  Supply Depot  
  55  6:27  Marauder x3, Marine x3, Supply Depot  
  55  6:30  Siege Tank  
  55  6:32  Widow Mine  
  68  6:45  Marine x3  
  71  6:48  Marauder x2  
  71  6:49  Marauder  
  71  6:53  Widow Mine  
  64  7:02  Widow Mine, Marine x2  
  64  7:03  Marine  
  67  7:09  Marine  
  67  7:10  Marauder x2  
  70  7:20  Marine x3  
  70  7:28  Marauder  
  64  7:31  Marauder x2  
  55  7:57  Marauder x3  
  55  7:58  Barracks Tech Lab, Marine x2  
  61  8:05  Siege Tank x2  
  69  8:16  Marine x2  
  69  8:17  Medivac x2  
  69  8:18  Marauder  
  77  8:21  Marine  
  71  8:35  Planetary Fortress  
  66  9:30  SCV, Medivac  
  53  9:31  Siege Tank  
  53  9:32  Siege Tank  
  53  9:35  Marauder, Marine  
  53  9:36  Marauder x2, Marine  
  54  9:42  SCV  
  54  9:44  SCV  
  49  9:53  Marine  
  49  9:54  SCV, Marine  
  49  9:56  SCV  
  49  9:57  Marine  
  54  10:01  Marine  
  54  10:03  Marauder  
  54  10:06  Siege Tank  
  54  10:08  SCV x2  
  54  10:11  Marine  
  54  10:12  Marine  
  54  10:16  Siege Tank  
  54  10:19  Marine  
  54  10:20  SCV x2  
  51  10:22  Combat Shield  
  51  10:24  Concussive Shells  
  51  10:27  Marauder  
  53  10:29  Marine  
  54  10:41  SCV  
  54  10:47  Supply Depot  
  54  10:48  Supply Depot  
  54  10:49  Supply Depot  
  54  11:09  SCV x2, Marauder x2, Marine, Command Center  
  54  11:10  Supply Depot  
  54  11:11  Marauder  
  63  11:17  Marine  
  64  11:26  Marine  
  64  11:27  SCV x2  
  64  11:30  Marauder  
  64  11:31  Marauder  
  71  11:35  Missile Turret  
  71  11:39  SCV x2  
  73  11:51  SCV x2  
  66  12:03  SCV  
  66  12:04  SCV  
  56  12:27  Marine  
  56  12:28  Marine x2  
  56  12:29  Marine x2  
  54  12:38  Refinery  
  54  12:40  Refinery  
  54  12:43  Orbital Command  
  54  12:45  Marine x2  
  54  12:46  Marine  
  54  12:47  Marine x2, Command Center  
  54  12:48  SCV x2  
  61  12:57  Siege Tank  
  64  13:00  SCV x2  
  64  13:03  Marine x2  
  64  13:04  Marine x3  
  71  13:12  SCV x2  
  73  13:30  Siege Tank x2  
  73  13:31  Marauder x2  
  73  13:32  Marauder, Marine x2  
  87  13:34  SCV  
  87  13:35  SCV x2  
  90  13:47  SCV x3  
  93  13:58  Marine x2  
  93  13:59  SCV x3, Marauder, Marine  
  93  14:00  Marauder  
  97  14:16  Marine x2  
  94  14:17  Marauder  
  94  14:20  Marine  
  87  14:29  Marauder  
  87  14:32  Planetary Fortress  
  87  14:34  Marine x2  
  87  14:37  Missile Turret  
  87  14:38  Marauder, Marine  
  92  14:39  Missile Turret  
  92  14:49  Siege Tank x2  
  92  14:53  Refinery  
  79  15:00  Medivac x2  
  79  15:02  Marauder x2  
  79  15:03  Marauder, Marine  
  91  15:21  Siege Tank x2  
  91  15:24  Marauder x3  
  100  15:30  Medivac x2  
  100  15:35  Marine x2  
  105  15:39  Terran Infantry Armor Level 1, Terran Infantry Weapons Level 1  
  105  15:41  Terran Vehicle Weapons Level 1  
  106  15:43  SCV x2  
  106  15:49  Supply Depot  
  108  15:52  Supply Depot  
  108  15:56  Supply Depot  
  108  16:10  SCV x2, Marine  
  108  16:11  Marauder x2  
  115  16:14  Marauder  
  117  16:23  SCV  
  111  16:29  Marine x2  
  111  16:32  Marauder x2, Medivac x2  
  116  16:33  Siege Tank x2  
  116  16:36  Marauder  
  117  16:47  Marine x2  
  109  17:04  Marauder x3  
  109  17:05  Marine x2  
  109  17:18  SCV  
  109  17:19  SCV x3  
  109  17:22  Marine x2  
  113  17:25  Marauder x2  
  113  17:26  Marauder  
  121  17:30  SCV  
  121  17:31  SCV  
  121  17:33  Siege Tank x2  
  129  17:42  SCV  
  129  17:43  Terran Infantry Armor Level 2, Terran Infantry Weapons Level 2  
  130  17:47  Marauder  
  132  17:54  SCV  
  132  17:57  Marine  
  132  18:00  Supply Depot  
  132  18:22  Marauder x3  
  132  18:24  Supply Depot  
  138  18:33  SCV x2  
  140  18:37  Refinery  
  140  18:38  Refinery  
  140  18:46  SCV x3, Barracks, Marauder x2  
  140  18:47  Supply Depot  
  147  18:49  Barracks  
  147  18:54  Barracks  
  147  18:57  Marine  
  148  19:08  Marine  
  148  19:09  Marauder x3  
  155  19:11  Supply Depot  
  155  19:14  Marine  
  156  19:33  Marauder, Marine  
  156  19:34  Supply Depot  
  153  19:58  Supply Depot  
  153  20:13  Marauder  
  153  20:14  Barracks Tech Lab, Marauder x2  
  157  20:15  Barracks Reactor, Barracks Tech Lab  
  157  20:17  Marine  
  158  20:35  Marauder x2  
  155  20:53  Marauder x2  
  155  20:54  Marine x5  
  155  20:56  Marauder x2  
  168  21:12  Marine x3  
  168  21:15  Marauder x2, Command Center  
  168  21:18  Marauder x2  
  165  21:28  Thor x2  
  177  21:36  Marauder  
  179  21:40  Marine  
  180  22:00  Terran Infantry Weapons Level 3, Terran Infantry Armor Level 3  
  180  22:01  Terran Vehicle And Ship Armor Level 1  
  180  22:06  Armory  
  180  22:08  Supply Depot  
  180  22:10  Supply Depot  
  178  22:23  Marauder  
  178  22:26  Marine x5, Medivac x2, Thor  
  178  22:28  Marine x3  
  192  22:31  Supply Depot  
  192  22:37  Supply Depot  
  152  22:44  Marine x6  
  142  22:46  Marine x3  
  130  22:54  Supply Depot  
  130  22:56  Medivac x2  
  130  22:58  Planetary Fortress  
  134  23:01  Marine  
  134  23:02  Marine x5  
  134  23:04  Marine x3, Supply Depot  
  143  23:15  Terran Vehicle Weapons Level 2  
  143  23:17  Supply Depot  
  143  23:26  Medivac  
  145  23:27  Supply Depot  
  143  23:42  Supply Depot  
  143  23:44  Medivac  
  143  23:46  Marauder x2  
  143  23:47  Marauder x2, Marine x5  
  157  23:53  Supply Depot  
  157  23:56  Medivac  
  159  24:03  Ghost Academy  
  159  24:04  Marine  
  159  24:05  Marine x3  
  159  24:08  Marauder x4  
  171  24:15  Missile Turret  
  171  24:28  Thor x2  
  171  24:30  Marauder x3  
  171  24:31  Marauder, Marine x2  
  193  24:52  Marauder x2  
  194  25:03  Marauder x2, Marine  
  194  25:13  Marauder  
  196  25:24  Marauder  
  196  25:25  Marauder  
  198  26:06  Missile Turret  
Show
View Real Time Build Order
Export as new Build Order

qqq Protoss - Winner!

Build Orders: Carriers 

Get SALT Encoding   

  12  0:01  Probe  
  13  0:16  Pylon  
  13  0:19  Probe  
  14  0:31  Probe  
  15  0:37  Gateway  
  15  0:45  Pylon  
  15  0:50  Probe  
  16  1:02  Probe  
  17  1:28  Cybernetics Core  
  17  1:45  Nexus  
  17  1:47  Pylon  
  17  1:55  Forge  
  17  2:12  Probe  
  18  2:19  Assimilator  
  18  2:21  Assimilator  
  18  2:24  Probe  
  19  2:30  Photon Cannon  
  19  2:36  Probe  
  20  2:38  Photon Cannon  
  20  2:48  Probe  
  20  2:49  Pylon  
  21  3:00  Probe  
  23  3:13  Probe (Chrono Boost)  
  23  3:18  Probe (Chrono Boost)  
  24  3:23  Probe (Chrono Boost)  
  24  3:25  Pylon  
  24  3:26  Probe (Chrono Boost)  
  26  3:28  Probe (Chrono Boost)  
  26  3:37  Probe  
  27  3:44  Probe  
  28  3:49  Probe  
  28  3:50  Stargate  
  29  3:56  Probe  
  29  4:01  Probe  
  31  4:08  Probe, Stargate  
  32  4:10  Pylon  
  32  4:13  Probe  
  33  4:18  Assimilator  
  33  4:20  Probe  
  34  4:24  Assimilator  
  34  4:25  Probe  
  34  4:29  Pylon  
  35  4:32  Probe  
  35  4:37  Probe  
  35  4:38  Pylon  
  37  4:41  Pylon x2  
  37  4:44  Probe, Phoenix  
  40  4:49  Probe  
  41  4:57  Probe  
  42  5:00  Phoenix  
  42  5:01  Probe  
  45  5:09  Probe  
  45  5:10  Phoenix  
  45  5:13  Probe  
  49  5:19  Protoss Air Weapons Level 1  
  49  5:21  Probe  
  50  5:25  Phoenix  
  44  6:02  Probe  
  45  6:04  Probe  
  46  6:14  Probe  
  46  6:16  Probe, Phoenix  
  42  6:26  Probe  
  42  6:28  Probe  
  39  6:40  Probe, Fleet Beacon  
  39  6:51  Phoenix x2  
  39  6:52  Probe  
  41  7:16  Photon Cannon  
  41  7:38  Phoenix x2  
  45  8:03  Carrier  
  51  8:28  Carrier  
  51  8:32  Nexus  
  57  8:48  Probe  
  58  9:00  Probe  
  56  10:10  Pylon  
  56  10:12  Pylon  
  56  10:13  Pylon  
  56  10:14  Pylon  
  56  10:17  Photon Cannon  
  56  10:19  Photon Cannon  
  54  10:28  Probe  
  52  10:30  Carrier (Chrono Boost)  
  52  10:31  Carrier (Chrono Boost)  
  64  10:40  Probe  
  65  10:52  Probe  
  65  10:54  Nexus  
  66  11:02  Nexus  
  66  11:04  Probe  
  67  11:15  Pylon  
  67  11:16  Probe  
  68  11:20  Pylon  
  68  11:27  Carrier (Chrono Boost)  
  68  11:28  Probe, Pylon  
  68  11:29  Pylon  
  68  11:32  Carrier  
  75  11:33  Pylon  
  75  11:37  Pylon  
  81  11:41  Probe  
  82  11:53  Probe  
  79  12:05  Probe  
  80  12:17  Probe  
  75  12:29  Probe  
  70  12:33  Probe x2  
  72  12:41  Probe  
  73  12:45  Probe x2  
  75  12:53  Probe  
  75  12:55  Assimilator  
  75  12:57  Probe x2  
  75  12:58  Assimilator  
  79  13:05  Probe  
  79  13:09  Probe  
  74  13:17  Probe  
  68  13:21  Carrier x2  
  79  13:48  Pylon  
  79  13:50  Nexus  
  79  13:51  Assimilator  
  79  14:25  Tempest  
  84  14:37  Tempest  
  89  14:43  Gateway  
  89  15:08  Tempest  
  94  15:19  Tempest  
  99  15:30  Mothership  
  107  15:38  Assimilator  
  107  15:40  Probe  
  108  15:50  Cybernetics Core  
  108  15:52  Probe  
  109  16:02  Tempest  
  114  16:04  Probe  
  115  16:16  Probe  
  105  16:28  Probe  
  106  16:39  Tempest  
  105  16:45  Probe  
  106  16:57  Probe  
  107  17:05  Protoss Air Armor Level 1 (Chrono Boost)  
  83  17:33  Carrier x2  
  80  18:28  Stargate  
  80  18:30  Stargate  
  80  18:33  Stargate  
  80  18:37  Carrier x2  
  92  18:57  Zealot  
  94  19:08  Protoss Air Weapons Level 2 (Chrono Boost)  
  94  19:09  Robotics Facility  
  94  19:12  Nexus  
  94  19:15  Pylon  
  86  19:18  Pylon  
  86  19:21  Mothership  
  86  19:24  Zealot  
  107  19:51  Zealot  
  88  20:18  Zealot  
  70  20:45  Zealot  
  72  20:53  Fleet Beacon  
  72  20:54  Stargate  
  72  20:56  Stargate  
  72  21:05  Forge  
  72  21:13  Probe  
  72  21:16  Assimilator  
  73  21:21  Assimilator  
  73  21:25  Probe  
  68  21:37  Probe  
  63  21:44  Nexus  
  63  21:46  Tempest  
  63  21:47  Carrier x2  
  68  21:49  Probe  
  75  22:01  Probe  
  75  22:03  Zealot  
  76  22:11  Pylon  
  76  22:13  Probe  
  76  22:14  Pylon  
  77  22:25  Probe  
  77  22:29  Carrier  
  74  22:30  Zealot  
  65  22:37  Probe  
  66  22:49  Probe  
  66  22:51  Carrier, Phoenix  
  68  22:53  Observer  
  68  22:57  Zealot  
  73  23:16  Phoenix  
  75  23:24  Zealot  
  77  23:29  Photon Cannon  
  77  23:32  Photon Cannon  
  77  23:33  Phoenix  
  79  23:34  Shield Battery  
  79  23:41  Phoenix  
  79  23:51  Zealot  
  77  24:23  Carrier (Chrono Boost)  
  77  24:25  Carrier (Chrono Boost)  
  95  24:32  Carrier (Chrono Boost)  
  93  25:00  Probe x2  
  95  25:12  Probe x2  
  97  25:24  Probe x2  
  103  25:39  Observer  
  103  25:41  Probe  
  105  25:43  Assimilator  
  105  25:47  Assimilator  
  105  25:48  Photon Cannon  
  105  25:52  Photon Cannon  
  105  25:54  Probe  
  106  26:06  Photon Cannon  
  106  26:09  Photon Cannon  
  106  26:12  Photon Cannon  
Show
View Real Time Build Order
Export as new Build Order

Mücke Terran 

Build Orders:  

Get SALT Encoding   

  12  0:01  SCV  
  13  0:13  Supply Depot  
  13  0:18  SCV  
  14  0:30  SCV  
  15  0:37  Barracks  
  15  0:42  SCV  
  16  0:54  SCV  
  17  1:06  SCV  
  17  1:09  Refinery  
  18  1:18  SCV  
  18  1:24  Supply Depot  
  19  1:26  Barracks  
  19  1:31  SCV  
  20  1:34  Marine  
  21  1:43  Orbital Command  
  21  1:52  Marine  
  22  1:55  Refinery  
  22  2:10  Marine  
  23  2:16  Marine  
  23  2:21  SCV  
  25  2:26  Factory  
  25  2:28  Marine  
  26  2:33  SCV  
  27  2:39  Marine, Command Center  
  28  2:45  SCV  
  29  2:57  SCV, Marine  
  31  3:01  Supply Depot  
  31  3:13  Marine  
  31  3:16  Starport, Factory Reactor  
  28  3:22  Marine  
  28  3:31  Marine  
  26  3:38  SCV  
  26  3:47  Barracks Reactor  
  26  3:50  SCV  
  26  3:55  Widow Mine  
  29  3:58  Medivac  
  31  4:10  Barracks Tech Lab  
  31  4:14  SCV  
  32  4:23  Widow Mine x2  
  36  4:24  Marine x2  
  36  4:29  Medivac  
  40  4:36  Barracks  
  40  4:37  SCV  
  41  4:40  Engineering Bay  
  41  4:41  Stimpack  
  41  4:53  Marine x2  
  43  5:02  Factory Tech Lab  
  43  5:03  Marauder  
  43  5:06  SCV  
  46  5:10  Marine  
  47  5:18  SCV  
  48  5:24  Marauder  
  42  6:02  Orbital Command, Missile Turret  
  42  6:03  SCV  
  41  6:10  Medivac x2  
  45  6:12  Barracks Reactor  
  45  6:13  Marine  
  45  6:15  SCV, Terran Infantry Weapons Level 1  
  45  6:17  Engineering Bay  
  47  6:20  Missile Turret  
  47  6:23  Refinery x2  
  47  6:25  Siege Tank  
  50  6:28  SCV  
  51  6:33  SCV  
  51  6:36  Supply Depot  
  52  6:40  SCV  
  52  6:43  Medivac  
  52  6:45  SCV  
  54  6:52  SCV  
  52  6:59  SCV  
  53  7:04  SCV  
  53  7:06  Siege Tank  
  57  7:10  Marauder, Marine x3  
  57  7:13  Terran Infantry Armor Level 1  
  62  7:16  Supply Depot  
  62  7:17  Supply Depot  
  62  7:37  Marine x3  
  62  7:38  SCV x2, Marauder  
  62  7:39  Supply Depot  
  62  7:42  Supply Depot  
  69  7:46  Siege Tank  
  69  7:48  Marine  
  69  7:50  SCV x2  
  75  7:55  Marine  
  75  7:58  Marine x2  
  76  8:01  Marauder  
  76  8:02  SCV  
  76  8:05  Viking  
  83  8:06  Marine  
  84  8:14  SCV  
  84  8:19  Marine x3  
  88  8:21  Siege Tank  
  88  8:22  Marauder  
  88  8:24  Marine  
  94  8:46  Supply Depot  
  94  8:47  Supply Depot  
  94  8:57  Command Center  
  94  9:07  SCV, Marine x5  
  92  9:25  Marine x2  
  60  10:12  Marine x3  
  60  10:13  Marine  
  58  10:14  Marine  
  58  10:16  Orbital Command  
  58  10:17  Missile Turret  
  58  10:20  SCV  
  58  10:21  SCV  
  61  10:29  Marine  
  61  10:30  Marine x2  
  61  10:31  Armory, Marine  
  61  10:32  SCV, Marine  
  61  10:33  SCV  
  68  10:36  Factory  
  68  10:42  Supply Depot  
  68  10:43  Factory  
  68  10:45  SCV x2  
  68  10:47  Refinery, Marine  
  68  10:48  SCV, Marine x2  
  68  10:49  Marine  
  71  10:50  Missile Turret  
  71  10:51  Refinery  
  71  10:55  Combat Shield  
  71  10:56  Marine  
  73  10:57  SCV x2  
  73  10:58  Viking  
  73  10:59  Viking  
  73  11:00  SCV  
  79  11:05  Barracks, Marine x3  
  79  11:07  Marine  
  79  11:09  SCV x2  
  85  11:12  SCV  
  85  11:14  Marine  
  87  11:18  Supply Depot  
  87  11:21  SCV x2  
  87  11:23  Marine x3, Thor  
  87  11:24  Factory Tech Lab, SCV  
  99  11:26  Supply Depot  
  99  11:27  Factory Tech Lab  
  99  11:28  Medivac  
  99  11:29  Medivac  
  103  11:33  SCV x2  
  103  11:36  SCV  
  103  11:37  Missile Turret  
  106  11:41  Missile Turret  
  106  11:44  Siege Tank  
  98  12:04  Thor  
  98  12:05  Marine  
  98  12:06  Marine x4, Siege Tank  
  99  12:23  Marine  
  99  12:24  Marine x4  
  100  12:36  Siege Tank  
  103  12:38  SCV, Siege Tank  
  103  12:41  Refinery, Marine x5  
  103  12:43  Missile Turret  
  112  12:47  Thor  
  112  12:49  Terran Infantry Weapons Level 2  
  118  12:53  Medivac  
  120  12:59  Marine x5  
  120  13:04  Barracks Reactor  
  125  13:08  Thor  
  131  13:12  Thor  
  131  13:16  Marine  
  131  13:17  Marine x2  
  140  13:26  Viking  
  142  13:27  Marine x2  
  142  13:31  Command Center  
  144  13:34  Marine  
  144  13:35  Marine x2  
  147  13:42  Supply Depot  
  147  13:45  Marine x2  
  149  13:58  SCV  
  148  14:04  Thor  
  154  14:13  Viking x2  
  154  14:16  Marine  
  153  14:17  Marine x4, Thor  
  153  14:18  Thor  
  136  14:34  Marine  
  136  14:35  Marine x2  
  139  14:41  Marine x2  
  139  14:43  Viking  
  139  14:44  Terran Infantry Armor Level 2  
  143  14:47  Thor  
  143  14:51  Starport  
  143  14:52  Marine  
  150  14:53  Marine x2  
  150  14:59  Marine x2  
  154  15:10  Marine  
  155  15:25  Thor x2  
  155  15:26  Marine  
  155  15:27  Marine x3  
  155  15:28  Marine  
  172  15:35  Refinery  
  172  15:40  Refinery  
  172  15:58  Starport Reactor  
  172  16:04  SCV  
  172  16:05  Armory  
  172  16:14  SCV x2, Marine x3  
  172  16:16  SCV, Marine x2  
  172  16:17  SCV  
  147  16:27  SCV x2  
  147  16:28  SCV  
  147  16:29  SCV  
  147  16:31  Marine x3  
  146  16:34  Marine x2  
  146  16:39  SCV x2  
  139  16:40  SCV  
  140  16:49  Marine  
  140  16:51  Marine  
  140  16:53  Viking x2  
  140  16:54  Viking x2  
  148  16:57  Marine  
  148  16:58  Marine x2  
  150  17:01  Thor x2  
  150  17:07  Marine  
  149  17:09  Marine  
  149  17:15  Marine  
  150  17:16  Marine x2  
  150  17:23  Viking  
  150  17:25  Marine  
  150  17:27  Marine  
  148  17:33  Marine x2  
  148  17:34  Marine, Thor x3  
  148  17:36  Viking x3  
  169  17:43  Marine  
  165  17:45  Marine  
  165  17:51  Marine x3  
  157  17:53  Viking  
  153  18:00  Marine  
  153  18:03  Marine  
  155  18:09  Marine x3  
  150  18:17  Siege Tank x3  
  150  18:18  Marine  
  141  18:20  Marine  
  141  18:26  Marine  
  142  18:27  Marine x2  
  145  18:36  Marine  
  145  18:38  Marine  
  147  18:42  Planetary Fortress  
  147  18:44  Marine  
  147  18:45  Marine x2  
  150  18:48  Thor  
  150  18:49  Thor x2  
  150  18:54  Marine  
  169  18:56  Marine  
  169  19:02  Marine  
  171  19:03  Marine x2  
  171  19:08  Command Center  
  172  19:25  Marine x2  
  172  19:26  Marine  
  172  19:29  Marine  
  172  19:36  Marine  
  171  19:42  Marine  
  171  19:43  Marine x2  
  172  19:54  Liberator x2, Marine x2, Thor, Supply Depot  
  172  19:56  Supply Depot x2  
  186  20:00  Marine  
  187  20:09  Missile Turret  
  187  20:10  Missile Turret x2  
  187  20:11  Missile Turret  
  187  20:15  Liberator, Thor  
  187  20:17  Liberator  
  199  20:23  Missile Turret  
  198  20:31  Thor  
  184  20:37  Thor  
  156  20:48  Refinery x2, Planetary Fortress  
  133  20:50  SCV x4  
  137  20:58  Liberator  
  137  21:02  SCV  
  142  21:04  Missile Turret  
  137  21:14  Thor  
  121  21:36  Siege Tank x2  
  107  21:57  Marine, Siege Tank  
  111  22:02  SCV  
  115  22:08  Siege Tank  
  115  22:09  Siege Tank  
  115  22:14  Barracks  
  118  22:29  Siege Tank  
  78  22:40  Siege Tank  
  67  23:03  Barracks  
  67  23:05  Siege Tank  
  70  23:06  Siege Tank  
  70  23:10  Marine  
  70  23:12  Siege Tank  
  76  23:14  Refinery  
  76  23:16  Refinery  
  74  23:25  SCV  
  73  23:28  Marine  
  73  23:31  Marine  
  73  23:32  Marine  
  76  23:35  Marine  
  76  23:36  Marine x4  
  67  23:49  Marine  
  67  23:50  Marine  
  67  23:53  Marine  
  67  23:54  Marine x4  
  66  24:00  Missile Turret  
  66  24:01  Missile Turret  
  65  24:02  Missile Turret  
  65  24:05  Missile Turret  
  65  24:07  Marine x2  
  67  24:11  Marine x3  
  67  24:12  Marine x2, Viking x4  
  71  24:25  Marine x2  
  71  24:29  Marine x5  
  65  24:42  Viking x2  
  67  24:47  Marine x5  
  65  25:04  Marine  
  65  25:05  Marine x4  
  68  25:13  Missile Turret  
  65  25:23  Marine  
Show
View Real Time Build Order
Export as new Build Order

Znation Zerg 

Build Orders: Hatch First, Lurkers 

Get SALT Encoding   

  12  0:00  Drone  
  13  0:08  Drone  
  14  0:16  Overlord  
  14  0:34  Drone x3  
  17  0:45  Drone  
  18  0:59  Hatchery  
  18  1:01  Drone  
  18  1:07  Extractor  
  17  1:17  Spawning Pool  
  16  1:19  Drone  
  16  1:22  Drone  
  18  1:31  Drone  
  19  1:39  Drone  
  20  1:50  Drone  
  21  1:57  Extractor  
  21  2:00  Drone  
  21  2:10  Queen  
  21  2:11  Overlord  
  21  2:13  Drone  
  21  2:14  Queen  
  26  2:25  Drone x2  
  26  2:26  Extractor  
  27  2:45  Drone x2  
  27  2:46  Drone x2  
  31  2:51  Lair  
  31  3:17  Spine Crawler  
  30  3:32  Zergling x6  
  30  3:33  Zergling x6  
  36  3:53  Hydralisk Den  
  34  4:03  Drone  
  35  4:12  Overlord x2  
  35  4:14  Nydus Network  
  34  4:18  Overlord x2  
  34  4:27  Drone x2, Lurker Den  
  34  4:31  Drone x2  
  37  4:32  Drone x2  
  37  4:34  Drone  
  40  4:43  Hydralisk  
  42  4:46  Hydralisk  
  42  4:51  Hydralisk  
  46  4:56  Hydralisk  
  48  5:01  Hydralisk  
  50  5:08  Hydralisk  
  50  5:10  Hydralisk  
  54  5:24  Lurker  
  54  5:25  Lurker  
  56  5:30  Lurker  
  56  5:31  Lurker  
  56  5:32  Lurker  
  59  5:41  Nydus Canal  
  59  5:44  Hydralisk x2  
  63  6:00  Queen x2  
  63  6:01  Overlord  
  63  6:02  Overlord  
  67  6:33  Hydralisk x7  
  81  6:44  Nydus Canal  
  81  6:50  Burrow  
  66  7:30  Hydralisk x7  
  72  7:38  Extractor, Hydralisk  
  67  7:53  Hydralisk x3  
  73  7:59  Overlord  
  56  8:46  Hydralisk x7  
  56  8:47  Hydralisk  
  60  9:03  Nydus Canal  
  60  9:08  Zergling x2  
  60  9:09  Zergling x6  
  64  9:15  Muscular Augments  
  64  9:34  Nydus Canal  
  64  9:36  Hydralisk  
  64  9:37  Hydralisk x5  
  76  10:07  Hatchery  
  65  10:27  Grooved Spines  
  61  10:28  Drone x10  
  69  10:43  Evolution Chamber  
  69  10:47  Zergling x2  
  69  10:48  Zergling x4  
  71  10:51  Metabolic Boost  
  71  10:54  Hydralisk  
  71  10:55  Hydralisk  
  75  11:03  Hatchery  
  74  11:06  Infestation Pit  
  73  11:27  Zergling x2  
  73  11:28  Zergling x12  
  73  11:31  Lurker x8  
  86  11:49  Hive  
  81  12:28  Hydralisk  
  81  12:29  Hydralisk x6  
  79  12:34  Overlord x2  
  79  12:35  Overlord  
  87  12:48  Nydus Canal  
  87  12:55  Drone x13  
  100  13:02  Drone x3  
  87  13:34  Nydus Canal, Hydralisk x3  
  87  13:35  Hydralisk x5  
  103  13:41  Extractor  
  103  13:42  Extractor  
  103  13:44  Drone x2  
  96  14:34  Hydralisk  
  96  14:35  Hydralisk x3  
  96  14:37  Overlord  
  96  14:38  Overlord x4  
  104  14:50  Overlord x2  
  104  14:55  Hatchery  
  97  15:10  Hydralisk x6  
  97  15:11  Hydralisk x8  
  109  15:21  Hydralisk x4  
  117  15:41  Hydralisk x7  
  131  15:49  Drone x4  
  135  15:52  Drone  
  136  15:59  Pneumatized Carapace  
  136  16:02  Extractor  
  135  16:05  Extractor  
  135  16:10  Hydralisk x3  
  106  16:38  Hydralisk x4  
  106  16:39  Hydralisk x5  
  124  16:42  Lurker x2  
  124  16:44  Lurker  
  127  16:51  Hydralisk x2  
  108  17:21  Drone  
  108  17:22  Drone x13  
  117  17:31  Spire  
  111  17:48  Hydralisk x8  
  125  18:08  Lurker x2  
  125  18:11  Lurker  
  125  18:12  Zergling x10  
  133  18:13  Zergling x10  
  133  18:17  Extractor  
  137  18:30  Hatchery  
  136  18:37  Seismic Spines  
  136  18:53  Zergling x2  
  136  18:54  Zergling x26  
  86  20:06  Drone x12  
  97  20:09  Corruptor  
  97  20:10  Corruptor x5  
  104  20:21  Extractor  
  102  20:37  Zergling x2  
  102  20:38  Zergling x22  
  113  20:48  Lurker x5  
  118  20:51  Corruptor x10  
  118  20:53  Zergling x2  
  118  20:54  Zergling x10  
  128  21:10  Zergling x12  
  128  21:11  Zergling x2  
  119  21:26  Hydralisk  
  119  21:27  Hydralisk x14  
  119  21:28  Hydralisk  
  146  21:46  Hydralisk x8  
  146  21:47  Hydralisk  
  151  21:59  Lurker x2  
  142  22:02  Zergling x4  
  142  22:03  Zergling x18  
  145  22:22  Lurker  
  140  22:23  Lurker x2  
  110  22:44  Zergling x2  
  110  22:45  Zergling x28  
  114  22:52  Zergling x2  
  114  22:53  Zergling x2  
  108  22:59  Hydralisk x3  
  108  23:00  Hydralisk  
  108  23:03  Extractor  
  108  23:05  Extractor  
  107  23:14  Hatchery  
  107  23:16  Zergling x12  
  110  23:26  Corruptor x5  
  116  23:32  Zergling x2  
  117  23:38  Zergling x8  
  107  23:52  Corruptor x2  
  107  23:53  Corruptor x4  
  118  23:59  Drone x4  
  118  24:00  Drone x5  
  122  24:10  Hydralisk  
  122  24:11  Corruptor x2  
  122  24:19  Corruptor  
  122  24:21  Zergling x12  
  118  24:31  Corruptor  
  120  24:40  Zergling x18  
  127  24:48  Zergling x6  
  121  25:05  Lurker  
  112  25:18  Hydralisk  
  112  25:19  Hydralisk x11  
  131  25:30  Corruptor  
Tags
 
Add a new tag
Caveats
  • Supply blocks, unpowered buildings, or Contaminate may cause inaccurate times.
  • Supply counts are checked every 10 seconds.